 Dungeon Crawl Stone Soup version 0.18-a0-1195-g77a4f03 (webtiles) character file.

149209 Ijustatesigmund the Warrior (level 16, -20/138 HPs)
             Began as a Demonspawn Fighter on Jan 29, 2016.
             Was a High Priest of Okawaru.
             Demolished by an eveningstar of holy wrath (28 damage)
             ... on level 2 of the Elven Halls.
             The game lasted 02:16:31 (33960 turns).

Ijustatesigmund the Warrior (Demonspawn Fighter)   Turns: 33960, Time: 02:16:31

Health: -20/138    AC: 36    Str: 27    XL:     16   Next: 96%
Magic:  22/25      EV: 23    Int: 15    God:    Okawaru [*****.]
Gold:   282        SH: 20    Dex: 27    Spells: 0 memorised, 15 levels left

rFire  + . .     SeeInvis +     s - +4 flail (protect)
rCold  + + .     Gourm    .     P - +1 plate armour "Bugyamai" {Dex+5}
rNeg   . . .     Faith    .     l - +5 shield {rF+}
rPois  .         Spirit   .     (helmet unavailable)
rElec  .         Dismiss  .     e - +2 cloak
rCorr  .         Reflect  .     b - +2 pair of gloves {Str+3}
SustAt .         Harm     .     t - +2 pair of boots {run}
MR     ++...                    m - amulet of rage
Stlth  ..........               j - +6 ring of strength
                                B - ring of Benevolence {+Blink rC+ MR+ Int+4}

@: agile, lethally poisoned (-20 -> -26), heroism, finesse, very slightly
contaminated, hasted, drained, very quick, very resistant to hostile
enchantments, extremely unstealthy
A: antennae 3, thin metallic scales 2, cold resistance 1, powered by pain 2,
spiny 2
a: Heroism, Finesse, Renounce Religion, Evoke Blink, Evoke Berserk Rage


You were on level 2 of the Elven Halls.
You worshipped Okawaru.
Okawaru was extremely pleased with you.
You were very hungry.

You visited 6 branches of the dungeon, and saw 29 of its levels.
You also visited: Labyrinth, Ossuary and Volcano.

You collected 2589 gold pieces.
You spent 2307 gold pieces at shops.

Inventory:

Hand Weapons
 s - a +4 flail of protection (weapon)
 E - a +2 great mace of protection
 V - a +4 blowgun
Missiles
 O - 8 curare-tipped needles
Armour
 b - a +2 pair of gloves of strength (worn)
 e - a +2 cloak (worn)
 l - a +5 shield of fire resistance (worn)
 t - a +2 pair of boots of running (worn)
 P - the +1 plate armour "Bugyamai" (worn) {Dex+5}
   (You bought it in a shop on level 11 of the Dungeon)

   It affects your dexterity (+5).
Jewellery
 j - a +6 ring of strength (right hand)
 m - an amulet of rage (around neck)
 o - an uncursed amulet of faith
 y - an uncursed ring of protection from magic
 A - an uncursed ring of protection from cold
 B - the ring of Benevolence (left hand) {+Blink rC+ MR+ Int+4}
   (You bought it in a shop on level 2 of the Orcish Mines)

   [ring of protection from cold]

   It affects your intelligence (+4).
   It protects you from cold.
   It affects your resistance to hostile enchantments.
   It lets you blink.
 D - an uncursed ring of protection from fire
 T - an uncursed ring of wizardry {unknown}
Wands
 q - a wand of slowing (34/48)
 w - a wand of digging (3/24)
 x - a wand of lightning (1/15)
 z - a wand of fireball (6/15)
 G - a wand of heal wounds (5/9)
 H - a wand of draining (11/15)
 J - a wand of disintegration (17/24)
 R - a wand of hasting (4/9)
 S - a wand of draining (7/15)
 Y - a wand of slowing (19/48)
Scrolls
 h - 7 scrolls of remove curse
 n - a scroll of enchant armour
 I - 2 scrolls of blinking
 M - 5 scrolls of fear
 N - a scroll of recharging
 W - 6 scrolls of teleportation
 X - 2 scrolls of magic mapping
 Z - 12 scrolls of identify
Potions
 a - 2 potions of berserk rage
 i - a potion of heal wounds
 k - a potion of flight
 p - 7 potions of brilliance
 r - 7 potions of curing
 u - 3 potions of cancellation
 v - a potion of invisibility
 C - a potion of resistance
 F - a potion of haste
 L - a potion of magic {unknown}
 U - 2 potions of might
Miscellaneous
 d - a piece from Xom's chessboard
 K - a phantom mirror
Comestibles
 c - 11 royal jellies
 f - 8 bread rations
 g - 8 meat rations


   Skills:
 - Level 16.1(20.9) Fighting
 - Level 15.5(20.3) Maces & Flails
 - Level 3.7(8.6) Throwing
 - Level 10.0(14.8) Armour
 - Level 7.1(12.0) Dodging
 - Level 7.0(11.8) Shields
 - Level 12.4(12.2) Invocations
 + Level 9.7(9.5) Evocations


You had 15 spell levels left.
You didn't know any spells.

Dungeon Overview and Level Annotations

Branches:
Dungeon (15/15)            Temple (1/1) D:5            Lair (8/8) D:10
  Swamp (0/4) Lair:3        Snake (0/4) Lair:4        Slime (0/6) Lair:8
    Orc (2/2) D:12            Elf (1/3) Orc:2        Vaults (0/5) D:14
 Depths (1/5) D:15

Altars:
Ashenzari
Cheibriados
Dithmenos
Elyvilon
Fedhas
Gozag
Kikubaaqudgha
Makhleb
Nemelex Xobeh
Okawaru
Pakellas
Qazlal
Ru
Sif Muna
Trog
Vehumet
Xom
Yredelemnul
Zin
The Shining One
Beogh
Jiyva

Shops:
D:4 *   D:5 *   D:6 }   D:8 *   D:11 [   Orc:2 [=*(*

Annotations:
D:9 3 runed doors, exclusion: orange crystal statue
Elf:2 5 runed doors


Innate Abilities, Weirdness & Mutations

You have a pair of large antennae on your head (SInv).
You are mostly covered in thin metallic scales (AC +3).
Your flesh is cold resistant.
You sometimes gain power by taking damage.
You are mostly covered in sharp spines.


Message History

The deep elf knight hits you with a long sword.
* * * LOW HITPOINT WARNING * * *
The eveningstar of holy wrath hits you but does no damage.
The glaive of venom hits you from afar!
* * * LOW HITPOINT WARNING * * *
You are poisoned.
You barely miss the eveningstar of holy wrath.
The eveningstar of holy wrath is moderately damaged.
You feel sick.
You barely miss the eveningstar of holy wrath.
The eveningstar of holy wrath is moderately damaged.
The deep elf knight mumbles some strange words.
The deep elf knight flickers and vanishes for a moment.
The eveningstar of holy wrath is struck by your spines.
The eveningstar of holy wrath hits you!!
* * * LOW HITPOINT WARNING * * *
You focus on the pain.
You feel agile all of a sudden.
You convulse!!
You die...

##..#...+ ##.....#
##.....# ##......#
#......## #.....##
### # ##.....####.##
.##
##.....##...##...##.
##........(@e.......
##............(.)...#
#......#...........##
##....###.........##
##..## ##......e.#
##...## ..........#
##.)...#...........#
#...................
##.........


You could see a deep elf knight (invisible), a deep elf mage and 2 dancing
weapons.

Vanquished Creatures
  Rupert (Orc:2)
  A deep elf blademaster (Elf:2)
  A tengu reaver (Depths:1)
  An orc warlord (Orc:2)
  A deep elf elementalist (Elf:1)
  A deep elf sorcerer (Elf:1)
  3 stone giants
  The ghost of yogakurto the Blocker, a journeyman HOFi of Trog (Lair:5)
  Nessos (Lair:5)
  A dire elephant (Lair:8)
  A minotaur (Lab)
  The ghost of Trivium the Nimble, a journeyman TrMo of Okawaru (Orc:2)
  4 fire dragons
  Fannar (D:12)
  6 hydras
  Harold (Lair:4)
  Erolcha (D:8)
  2 catoblepae
  2 centaur warriors (D:15)
  A deep troll shaman (Lair:8)
  10 dancing weapons
  2 tengu warriors (D:13)
  2 orc high priests (Orc:2)
  A vampire mage (Depths:1)
  A queen ant (Lair:6)
  7 deep elf knights
  An ogre mage (D:15)
  6 death yaks (Lair:8)
  4 skeletal warriors (D:14)
  An unseen horror (D:14)
  2 hill giants
  4 orc knights
  27 deep elf magi
  The ghost of Lathuz the Cleaver, a novice MiBe of Trog (D:6)
  2 deep elf archers
  2 griffons
  15 ugly things
  2 wizards
  2 orc sorcerers (Orc:2)
  2 cyclopes
  2 manticores
  18 elephants
  4 centaur zombies
  Maurice (D:10)
  The ghost of YrmMerkstave the Cudgeler, a novice MiFi of Yredelemnul (D:5)
  15 black mambas
  A naga mage (D:15)
  2 molten gargoyles (Volcano)
  4 gargoyles
  14 spiny frogs
  A torpor snail (Lair:4)
  3 centaur skeletons
  9 komodo dragons
  A yaktaur (Depths:1)
  2 efreet (D:14)
  2 fire drakes
  2 tengu conjurers
  A freezing wraith (D:14)
  The ghost of confidenceinterval the Skirmisher, an amateur DrMo (D:4)
  A queen bee (D:11)
  9 trolls
  5 polar bears
  8 two-headed ogres
  Grinder (D:3)
  A giant leech (shapeshifter) (D:14)
  11 blink frogs
  A boulder beetle (Lair:7)
  A giant leech (Lair:3)
  10 slime creatures
  A redback (shapeshifter) (D:14)
  A shadow (D:14)
  A tarantella (shapeshifter) (D:14)
  2 wraiths
  A spriggan (Lair:8)
  Sigmund (D:5)
  7 fire elementals
  4 water elementals (Depths:1)
  Eustachio (D:6)
  4 basilisks
  54 yaks
  A hungry ghost (D:14)
  3 wyverns
  8 hippogriffs
  6 vampire mosquitoes (Lair:3)
  A mottled dragon (D:15)
  25 wolves
  8 wargs
  7 soldier ants (Lair:6)
  21 water moccasins
  12 porcupines
  7 ice beasts
  4 sky beasts
  44 orc warriors
  2 black bears (D:9)
  An eye of draining (D:13)
  27 ogres
  2 necrophages (D:11)
  2 phantoms
  A wasp (D:7)
  A boggart (Elf:1)
  9 centaurs
  15 crocodiles
  17 big kobolds
  18 giant frogs
  Blork the orc (D:4)
  3 gnoll sergeants (D:12)
  An earth elemental (Elf:1)
  3 wyvern zombies
  2 water moccasin zombies (Ossuary)
  7 scorpions
  35 killer bees
  10 wights
  7 electric eels
  4 bog bodies (Ossuary)
  8 crimson imps
  4 lava snakes (Lab)
  7 giant frog zombies
  5 hounds
  2 quasits
  21 orc priests
  2 giant frog skeletons
  3 jellies
  30 orc wizards
  12 iguanas
  36 worker ants
  6 sheep (Lair:8)
  A giant frog simulacrum (D:8)
  3 hound zombies (Ossuary)
  A hound skeleton (D:9)
  8 mummies
  7 worker ant zombies (Ossuary)
  10 gnolls
  42 river rats
  18 adders
  A hound simulacrum (D:8)
  3 shadow imps
  3 white imps (D:8)
  A worker ant simulacrum (D:8)
  An ooze (D:6)
  3 adder zombies
  3 worms
  6 giant geckos
  92 orcs
  3 ball pythons
  9 giant cockroaches
  12 goblins
  10 hobgoblins
  6 jackals
  28 kobolds
  5 quokkas
  11 bats
  3 giant gecko zombies (Ossuary)
  9 giant newts
  2 jackal zombies (Ossuary)
  2 quokka zombies
  4 rats
  2 fire vortices (Volcano)
  A fungus (Lair:8)
1096 creatures vanquished.

Vanquished Creatures (collateral kills)
  A fungus (Lair:6)
1 creature vanquished.

Vanquished Creatures (others)
  An ogre mage (Depths:1)
  An unseen horror (D:14)
  A centaur skeleton (D:13)
  A big kobold (D:13)
  An orc (Orc:1)
  A fire vortex (Volcano)
  28 fungi
  7 plants
41 creatures vanquished.

Grand Total: 1138 creatures vanquished

Notes
Turn   | Place    | Note
--------------------------------------------------------------
     0 | D:1      | Ijustatesigmund the Demonspawn Fighter began the quest for the Orb.
     0 | D:1      | Reached XP level 1. HP: 18/18 MP: 1/1
   385 | D:1      | Gained mutation: You have a pair of small antennae on your head. [demonic ancestry]
   385 | D:1      | Reached XP level 2. HP: 20/24 MP: 2/2
   940 | D:2      | Gained mutation: You are partially covered in sharp spines. [demonic ancestry]
   940 | D:2      | Reached XP level 3. HP: 8/29 MP: 3/3
   941 | D:2      | Gained mutation: You have sharp fingernails. [potion of mutation]
   941 | D:2      | Gained mutation: Your magical capacity is low (-10% MP). [potion of mutation]
  1483 | D:2      | Found a deep blue altar of Sif Muna.
  1646 | D:2      | Reached XP level 4. HP: 35/37 MP: 3/3
  2037 | D:3      | Reached skill level 4 in Fighting
  2039 | D:3      | Gained mutation: You have a pair of antennae on your head. [demonic ancestry]
  2039 | D:3      | Reached XP level 5. HP: 28/42 MP: 4/4
  2257 | D:3      | Noticed Grinder
  2268 | D:3      | Killed Grinder
  2268 | D:3      | Reached skill level 5 in Maces & Flails
  2268 | D:3      | Reached XP level 6. HP: 33/50 MP: 5/5
  2987 | D:4      | Noticed Blork the orc
  2997 | D:4      | Killed Blork the orc
  2997 | D:4      | Reached skill level 5 in Fighting
  3108 | D:4      | Gained mutation: You sometimes gain a little power by taking damage. [demonic ancestry]
  3108 | D:4      | Reached XP level 7. HP: 38/56 MP: 6/6
  3397 | D:4      | Reached skill level 6 in Maces & Flails
  3448 | D:4      | Found Vuiraub's Assorted Antiques.
  3453 | D:4      | Bought a glittering sapphire amulet for 135 gold pieces
  3453 | D:4      | Bought a lumpy coppery potion for 24 gold pieces
  3453 | D:4      | Bought a scroll labeled CUDGHE LIHO for 27 gold pieces
  3633 | D:4      | Noticed confidenceinterval's ghost (amateur DrMo)
  3672 | D:5      | Entered Level 5 of the Dungeon
  3674 | D:5      | Found an iron altar of Okawaru.
  3894 | D:6      | Noticed Lathuz's ghost (novice MiBe)
  3899 | D:5      | Noticed YrmMerkstave's ghost (novice MiFi)
  3906 | D:5      | Noticed Sigmund
  3939 | D:4      | Identified the amulet "Utuddei" {Inacc rF++ Int+2} (You bought it in a shop on level 4 of the Dungeon)
  4038 | D:4      | HP: 1/56 [confidenceinterval's ghost (2)]
  4392 | D:5      | Found a basalt altar of Yredelemnul.
  4788 | D:5      | Found a staircase to the Ecumenical Temple.
  4794 | Temple   | Entered the Ecumenical Temple
  4903 | D:5      | Killed Sigmund
  4909 | D:5      | Reached skill level 7 in Maces & Flails
  5012 | D:4      | Gained mutation: You are partially covered in thin metallic scales (AC +2). [demonic ancestry]
  5012 | D:4      | Reached XP level 8. HP: 33/64 MP: 7/7
  5211 | D:5      | Became a worshipper of Warmaster Okawaru
  5243 | D:5      | Found Leemish's General Store.
  5261 | D:5      | Bought a potion of curing for 33 gold pieces
  5263 | D:5      | Bought a scroll of remove curse for 33 gold pieces
  5286 | D:5      | Found an opulent altar of Gozag.
  5305 | D:5      | Reached skill level 1 in Invocations
  5528 | D:6      | Found a stormy altar of Qazlal.
  5563 | D:6      | Identified a +2 pair of boots of running (You found it on level 6 of the Dungeon)
  5602 | D:6      | Noticed Eustachio
  5615 | D:6      | Reached * piety under Okawaru
  5649 | D:6      | Killed Eustachio
  5649 | D:6      | Reached skill level 8 in Maces & Flails
  5757 | D:5      | Killed YrmMerkstave's ghost
  5757 | D:5      | Gained mutation: You are mostly covered in thin metallic scales (AC +3). [demonic ancestry]
  5757 | D:5      | Reached XP level 9. HP: 72/72 MP: 7/11
  5857 | D:5      | Reached skill level 5 in Invocations
  6099 | D:4      | Killed confidenceinterval's ghost
  6099 | D:4      | Reached ** piety under Okawaru
  6198 | D:6      | Found an oddly glowing altar of Pakellas.
  6198 | D:6      | Found Pakellas's Prime Provisions.
  6245 | D:6      | Killed Lathuz's ghost
  6245 | D:6      | Reached skill level 1 in Evocations
  6273 | D:6      | Reached skill level 9 in Maces & Flails
  6504 | D:6      | Reached skill level 1 in Dodging
  6666 | D:7      | Found a shadowy altar of Dithmenos.
  6709 | D:7      | Found an ancient bone altar of Kikubaaqudgha.
  6739 | D:7      | Paralysed by a wasp for 2 turns
  6750 | D:7      | Reached *** piety under Okawaru
  6790 | D:7      | Noticed a hill giant
  6799 | D:7      | Killed a hill giant
  6799 | D:7      | Gained mutation: You are mostly covered in sharp spines. [demonic ancestry]
  6799 | D:7      | Reached XP level 10. HP: 80/80 MP: 10/13
  6896 | D:7      | Noticed a gargoyle
  6910 | D:7      | Killed a gargoyle
  7413 | D:8      | Reached **** piety under Okawaru
  7454 | D:8      | Reached skill level 5 in Shields
  7501 | D:8      | Noticed Erolcha
  7523 | D:8      | Found a blossoming altar of Fedhas.
  7524 | D:8      | Found an ancient bone altar of Kikubaaqudgha.
  7554 | D:8      | Reached skill level 5 in Armour
  7627 | D:8      | Found an iron altar of Okawaru.
  7629 | D:8      | Found a burning altar of Makhleb.
  7659 | D:8      | Found a glowing silver altar of Zin.
  7659 | D:8      | Found Zin's Purification Station.
  7683 | D:8      | Found a sacrificial altar of Ru.
  7718 | D:8      | Found a shimmering altar of Xom.
  7723 | D:8      | Found a shattered altar of Ashenzari.
  7800 | D:8      | Found a sand-covered staircase.
  7808 | Ossuary  | Entered an ossuary
  8240 | D:8      | You fall through a shaft for 3 floors!
  8270 | D:10     | Entered Level 10 of the Dungeon
  8270 | D:10     | Found a staircase to the Lair.
  8293 | D:9      | Found a runed door.
  8583 | D:8      | Reached ***** piety under Okawaru
  8583 | D:8      | Reached skill level 5 in Dodging
  8691 | D:8      | Killed Erolcha
  8691 | D:8      | Reached XP level 11. HP: 86/86 MP: 6/14
  9142 | D:9      | Found a runed door.
  9261 | D:9      | Found a runed door.
  9277 | D:9      | Found a runed door.
  9725 | D:9      | Found a shadowy altar of Dithmenos.
  9725 | D:9      | Found a snail-covered altar of Cheibriados.
 10099 | D:9      | Noticed an orange crystal statue
 10209 | D:10     | Noticed Maurice
 10218 | D:10     | Killed Maurice
 10291 | D:10     | Received a gift from Okawaru
 10728 | Lair:1   | Entered Level 1 of the Lair of Beasts
 11049 | Lair:1   | Found a labyrinth entrance.
 11065 | Lab      | Entered a labyrinth
 12132 | Lab      | Noticed a minotaur
 12144 | Lab      | Killed a minotaur
 12144 | Lab      | Received a gift from Okawaru
 12259 | Lair:1   | Reached skill level 10 in Maces & Flails
 12740 | Lair:1   | Reached XP level 12. HP: 78/97 MP: 16/16
 13018 | D:11     | Noticed a four-headed hydra
 13030 | D:11     | Killed a four-headed hydra
 13030 | D:11     | Reached skill level 10 in Fighting
 13743 | D:11     | Found Nuclin's Antique Armour Shoppe.
 13751 | D:11     | Bought a heavily runed chain mail for 285 gold pieces
 13761 | D:11     | Identified the +4 chain mail of Autumn {rC- MP+9 Str+9} (You bought it in a shop on level 11 of the Dungeon)
 13892 | D:11     | Bought a pair of runed gloves for 135 gold pieces
 14204 | D:12     | Received a gift from Okawaru
 14204 | D:12     | Reached skill level 11 in Maces & Flails
 14272 | D:12     | Noticed Fannar
 14339 | D:12     | Killed Fannar
 14724 | D:12     | Found a staircase to the Orcish Mines.
 14970 | Orc:1    | Entered Level 1 of the Orcish Mines
 15193 | Orc:1    | Reached skill level 10 in Invocations
 15657 | Orc:2    | Entered Level 2 of the Orcish Mines
 15657 | Orc:2    | Noticed Rupert
 15659 | Orc:2    | Noticed an orc warlord
 15692 | Orc:2    | Noticed Trivium's ghost (journeyman TrMo)
 15724 | Orc:2    | Killed Trivium's ghost
 15724 | Orc:2    | Gained mutation: You sometimes gain power by taking damage. [demonic ancestry]
 15724 | Orc:2    | Reached XP level 13. HP: 101/107 MP: 11/18
 15811 | Orc:2    | Found Mapseq's General Store.
 15825 | Orc:2    | Found Puhusass's General Store.
 15836 | Orc:2    | Found Cestok's Antique Weapon Shoppe.
 15854 | Orc:2    | Found Iluittil's Jewellery Shoppe.
 15870 | Orc:2    | Found Venusost's Antique Armour Shop.
 15975 | Orc:2    | Killed an orc warlord
 16008 | Orc:2    | Found a dark tunnel.
 16018 | Volcano  | Entered a volcano
 16592 | Volcano  | Reached skill level 12 in Fighting
 16873 | Orc:2    | Found a staircase to the Elven Halls.
 16874 | Orc:2    | Found a roughly hewn altar of Beogh.
 16895 | Orc:2    | Paralysed by Rupert for 7 turns
 17432 | D:13     | Noticed a fire dragon
 17455 | D:13     | Killed a fire dragon
 17469 | D:13     | Received a gift from Okawaru
 18102 | D:14     | Reached skill level 13 in Fighting
 18363 | D:14     | Gained mutation: You are occasionally teleported next to monsters. [a shining eye]
 18369 | D:14     | Noticed an ettin
 18369 | D:14     | a wolf spider changed into an ettin
 18374 | D:14     | an ettin changed into an entropy weaver
 18380 | D:14     | Noticed an ettin
 18380 | D:14     | an entropy weaver changed into an ettin
 18382 | D:14     | an ettin changed into a giant leech
 18622 | D:14     | Found a gate to the Vaults.
 18902 | D:14     | Found a shimmering altar of Xom.
 19248 | D:14     | Gained mutation: Your flesh is cold resistant. [demonic ancestry]
 19248 | D:14     | Reached XP level 14. HP: 113/118 MP: 19/19
 19651 | D:11     | Bought a transparent plate armour for 840 gold pieces
 19667 | D:11     | Identified the cursed +1 plate armour "Bugyamai" {Dex+5} (You bought it in a shop on level 11 of the Dungeon)
 20713 | Lair:3   | Reached skill level 14 in Fighting
 21005 | Lair:3   | Found a staircase to the Swamp.
 21715 | Lair:4   | Found a staircase to the Snake Pit.
 22199 | Lair:4   | Noticed Harold
 22213 | Lair:4   | Reached ****** piety under Okawaru
 22218 | Lair:4   | Killed Harold
 22983 | Lair:5   | Received a gift from Okawaru
 23037 | Lair:5   | Noticed yogakurto's ghost (journeyman HOFi)
 23078 | Lair:5   | Killed yogakurto's ghost
 23530 | Lair:5   | Noticed Nessos
 23546 | Lair:5   | Killed Nessos
 23979 | Lair:5   | Gained mutation: You have a pair of large antennae on your head (SInv). [demonic ancestry]
 23979 | Lair:5   | Reached XP level 15. HP: 127/127 MP: 20/20
 24176 | Lair:5   | Lost mutation: You have sharp fingernails. [potion of cure mutation]
 24176 | Lair:5   | Lost mutation: Your magical capacity is low (-10% MP). [potion of cure mutation]
 24176 | Lair:5   | Lost mutation: You are occasionally teleported next to monsters. [potion of cure mutation]
 24330 | Lair:6   | Reached skill level 15 in Fighting
 24489 | Lair:6   | Received a gift from Okawaru
 24515 | Lair:6   | Got a shimmering robe {god gift}
 26266 | Lair:8   | Entered Level 8 of the Lair of Beasts
 26729 | Lair:8   | Identified the +5 robe of Greater Demons {MR+ SInv} (Okawaru gifted it to you on level 6 of the Lair of Beasts)
 26936 | Lair:8   | Found a viscous altar of Jiyva.
 26936 | Lair:8   | Found a staircase to the Slime Pits.
 27249 | Lair:8   | Reached skill level 15 in Maces & Flails
 27259 | Lair:8   | Received a gift from Okawaru
 27926 | D:15     | Entered Level 15 of the Dungeon
 28018 | D:15     | Reached skill level 10 in Armour
 28605 | D:15     | Reached skill level 1 in Throwing
 28782 | D:15     | Found a staircase to the Depths.
 28800 | Depths:1 | Entered Level 1 of the Depths
 29118 | Depths:1 | Received a gift from Okawaru
 29118 | Depths:1 | Reached XP level 16. HP: 124/138 MP: 16/24
 29240 | Depths:1 | Reached skill level 16 in Fighting
 30902 | Orc:2    | Paralysed by Rupert for 6 turns
 30911 | Orc:2    | Paralysed by Rupert for 2 turns
 30931 | Orc:2    | Killed Rupert
 31257 | Orc:2    | Bought the ring of Benevolence {+Blink rC+ MR+ Int+4} for 795 gold pieces
 31469 | Elf:1    | Entered Level 1 of the Elven Halls
 31800 | Elf:1    | Received a gift from Okawaru
 32008 | Elf:1    | Reached skill level 5 in Evocations
 33089 | Elf:1    | You fall through a shaft!
 33104 | Elf:2    | Found a huge runed gate.
 33105 | Elf:2    | Found a huge runed gate.
 33106 | Elf:2    | Found a huge runed gate.
 33107 | Elf:2    | Found a huge runed gate.
 33108 | Elf:2    | Found a huge runed gate.
 33906 | Elf:2    | Noticed a deep elf blademaster
 33939 | Elf:2    | Killed a deep elf blademaster
 33960 | Elf:2    | Demolished by an eveningstar of holy wrath

Vault maps used:
D:1:      saegor_arrival_simple_f, minmay_misc_feat_tiny
D:2:      old_standard_altar
D:3:      first_bread, uniq_grinder
D:4:      serial_shops, kennysheep_little_box, uniq_blork_the_orc
D:5:      yredelemnul_altar_generic, kennysheep_mini_moat, temple_green,
          serial_shops, nicolae_shop_window_shopping, nrook_pool_corridor,
          okawaru_ov_weapons_minmay, uniq_sigmund
D:6:      old_forge, johnstein_pakellas_shop, grunt_qazlal_clouds,
          uniq_eustachio
D:7:      basic_altar, serial_bayou_pond_b, nicolae_dithmenos_the_darkroom
D:8:      grunt_temple_overflow_growth_and_decay,
          nicolae_ru_the_path_less_chosen, zin_purify, minitemple,
          grunt_temple_overflow_open, serial_ice, serial_ice_m, serial_ice_k,
          serial_ice_g, serial_ice_f, gup_ossuary_entry_pyramid, uniq_erolcha
D:9:      gammafunk_temple_overflow_wave, corexii_checkpoint_b,
          minmay_statue_crystal_thing
D:10:     david_lair_shrubbed, minivault_19, uniq_maurice
D:11:     special_room, serial_shops, shop, blue_anna_alchemist
D:12:     kennysheep_orc_monster_closet_entryway, serial_glass, glass_columns_c,
          glass_columns_c, uniq_fannar
D:14:     david_vaults_2, basic_altar, serial_glass, glass_columns_c,
          glass_columns_a, special_room
D:15:     grunt_enter_depths_magical_seal, minmay_misc_feat_alley
Temple:   nicolae_temple_hex_pool_5
Lair:1:   lab_entry_generic, serial_bayou_ford_a, serial_bayou_lake_a,
          serial_bayou_shore_a
Lair:2:   beast_lair_carwin_3, infiniplex_staircase_pool, lemuel_fruit_fields
Lair:3:   minmay_swamp_entry_swarm
Lair:4:   minmay_snake_entry_six_corridors, uniq_harold
Lair:5:   cheibrodos_lair_reptile_den, uniq_nessos
Lair:6:   zaba_antful_of_joy
Lair:7:   grunt_megastairs_5
Lair:8:   grunt_lair_end_beastmaster, slime_altar_1,
          grunt_forest_large_clearing_hut
Orc:1:    special_room
Orc:2:    grunt_orc_gardens, grunt_orc_garden, grunt_orc_garden,
          grunt_orc_garden, grunt_orc_garden, serial_shops,
          nicolae_shop_waterfront, basic_altar, enter_volcano_2,
          nooodl_orcs_dogs, uniq_rupert
Elf:1:    elf_arrival_002, hangedman_elf_disciples, spider_trap,
          minmay_misc_feat_five
Elf:2:    special_room, minivault_23
Depths:1: enter_ziggurat_b, hell_entry, grunt_decor_cap,
          hangedman_decor_diamond_cutter, minmay_misc_feat_more_columns,
          kennysheep_pointless_box, roderic_bali_sauvastika, hallowed_hall
Lab:      labyrinth_fake_exit, labyrinth_lava_lair
Ossuary:  ossuary_zaba_flooded
Volcano:  volcano_aerie

Action                   |  1- 3 |  4- 6 |  7- 9 | 10-12 | 13-15 | 16-18 || total
-------------------------+-------+-------+-------+-------+-------+-------++-------
Melee: Flail             |    96 |   131 |   357 |  1235 |  2104 |   733 ||  4656
       Great mace        |       |       |       |       |       |    36 ||    36
Invok: Heroism           |       |       |     6 |    18 |    29 |    12 ||    65
       Finesse           |       |       |       |     7 |    10 |     4 ||    21
 Abil: Evoke Berserk Rag |       |       |     5 |     2 |     2 |     1 ||    10
Evoke: Wand              |       |       |     1 |     7 |     5 |     1 ||    14
  Use: Potion            |     1 |       |     5 |     3 |     4 |     9 ||    22
       Scroll            |       |     5 |     5 |    25 |    13 |     5 ||    53
 Stab: Sleeping          |       |       |       |     1 |       |       ||     1
       Distracted        |       |       |       |       |       |     1 ||     1
  Eat: Chunk             |     2 |     5 |     8 |    14 |    12 |     8 ||    49
       Beef jerky        |       |       |     1 |     4 |     1 |     1 ||     7
       Bread ration      |       |       |     1 |     2 |       |       ||     3
       Pizza             |       |       |     1 |     1 |     2 |       ||     4
       Royal jelly       |       |       |       |     1 |     1 |     4 ||     6
       Fruit             |       |       |       |       |    29 |       ||    29
       Meat ration       |       |       |       |       |     1 |       ||     1
